 Dungeon Crawl Stone Soup version 0.29-a0-409-gd843f3a48c (webtiles) character file.

Game seed: 16904644468452669963

18 Hubjo the Firebug (level 2, 0/16 HPs)
             Began as a Deep Elf Fire Elementalist on May 13, 2022.
             Was a Follower of Kikubaaqudgha.
             Slain by a kobold
             ... wielding a +0 club
              (3 damage)
             ... on level 1 of the Dungeon.
             The game lasted 00:00:44 (869 turns).

Hubjo the Firebug (Deep Elf Fire Elementalist)       Turns: 869, Time: 00:00:45

Health: 0/16       AC:  2    Str:  5    XL:     2   Next: 48%
Magic:  8/8        EV: 12    Int: 19    God:    Kikubaaqudgha [*.....]
Gold:   0          SH:  0    Dex: 15    Spells: 6/7 levels left

rFire   . . .      SeeInvis .   (no weapon)
rCold   . . .      Faith    .   (no shield)
rNeg    . . .      Spirit   .   a - +0 robe
rPois   .          Reflect  .   (no helmet)
rElec   .          Harm     .   (no cloak)
rCorr   .          Rampage  .   (no gloves)
Will    .....                   (no boots)
Stlth   ++........              (no amulet)
HPRegen 0.05/turn               (no ring)
MPRegen 0.11/turn               (no ring)

@: no status effects
A: no striking features
a: Renounce Religion, Receive Corpses


You were on level 1 of the Dungeon.
You worshipped Kikubaaqudgha.
Kikubaaqudgha was aware of your devotion.
You visited 1 branch of the dungeon, and saw 1 of its levels.

Inventory:

Armour
 a - a +0 robe (worn)
Potions
 b - a potion of magic
 c - a potion of ambrosia {unknown}
 d - a potion of might {unknown}


   Skills:
 * Level 1.0 Fighting
 - Level 2.4 Dodging
 + Level 2.8 Stealth
 + Level 3.3 Spellcasting
 - Level 1.1 Conjurations
 + Level 3.5 Fire Magic


You had 6 spell levels left.
You knew the following spells:

 Your Spells              Type           Power      Damage    Failure   Level
a - Foxfire               Conj/Fire      44%        2x1d6     6%          1

Your spell library contained the following spells:

 Spells                   Type           Power      Damage    Failure   Level
 Scorch                   Fire           32%        2d6       5%          2
 Animate Skeleton         Necr           6%         N/A       16%         1
 Conjure Flame            Conj/Fire      11%        6-21      17%         3
 Corpse Rot               Necr/Air       6%         N/A       22%         2
 Ensorcelled Hibernation  Hex/Ice        6%         N/A       22%         2
 Inner Flame              Hex/Fire       9%         N/A       22%         3
 Spider Form              Tmut/Pois      3%         N/A       41%         3
 Vampiric Draining        Necr           3%         2d6       41%         3
 Flame Wave               Conj/Fire      11%        2d5       50%         4
 Anguish                  Hex/Necr       1%         N/A       83%         4
 Agony                    Necr           3%         N/A       99%         5


Dungeon Overview and Level Annotations

Branches:
Dungeon (1/15)

Altars:
Kikubaaqudgha


Message History

You kill the ball python!
Your Fighting skill increases to level 1!
You see here a ball python corpse.
Your foxfire dissipates! x2
There is a faded altar of an unknown god here.
You cannot tell which god this altar belongs to.
Convert to them anyway?
Kikubaaqudgha accepts your prayer! Kikubaaqudgha welcomes you!
You can now receive cadavers from Kikubaaqudgha.
Kikubaaqudgha grants you a gift!
You add the spells Animate Skeleton, Corpse Rot, Vampiric Draining and Agony to your library.
A kobold comes into view. It is wielding a +0 club.
A kobold is nearby!
A kobold is nearby!
The kobold throws a stone.
The stone barely misses you. The kobold hits you with a +0 club.
The kobold hits you with a +0 club. The kobold completely misses you.
The kobold closely misses you. The kobold misses you.
The kobold closely misses you. The kobold hits you but does no damage.
The kobold closely misses you. The kobold barely misses you.
The kobold hits you but does no damage. The kobold barely misses you.
The kobold closely misses you. The kobold hits you with a +0 club.
The kobold hits you with a +0 club. The kobold closely misses you.
The kobold hits you with a +0 club. The kobold closely misses you.
The kobold hits you with a +0 club. The kobold closely misses you.
The kobold completely misses you. The kobold hits you with a +0 club.
* * * LOW HITPOINT WARNING * * *
The kobold hits you with a +0 club.
You die...
Kikubaaqudgha rasps: "You have failed me!
Welcome... death!"

# ##.#.#.#.#
.#...##.##
#.#..#...##
######.#.......#
#..............#
#.###..##....#.#
##..###..####
##..## ##..##
#....###@K..#
#.#.†.#...#.....
..###.....#######
#.# ##†_.## #.
#.....# #
#...#...#
....###.... ##..#
#..## ##. .##


You could see a kobold.

Vanquished Creatures
  A bat (D:1)
  2 endoplasms (D:1)
  A giant cockroach (D:1)
  2 hobgoblins (D:1)
  A kobold (D:1)
  2 quokkas (D:1)
  2 ball pythons (D:1)
  A frilled lizard (D:1)
  A goblin (D:1)
  3 rats (D:1)
16 creatures vanquished.

Vanquished Creatures (others)
  65 foxfires (D:1)
65 creatures vanquished.

Grand Total: 81 creatures vanquished

Notes
Turn   | Place    | Note
-------+----------+-------------------------------------------
     0 | D:1      | Hubjo the Deep Elf Fire Elementalist began the quest for
                  | the Orb.
     0 | D:1      | Reached XP level 1. HP: 10/10 MP: 6/6
   333 | D:1      | Reached XP level 2. HP: 16/16 MP: 1/8
   806 | D:1      | Found a faded altar of an unknown god.
   812 | D:1      | Reached skill level 1 in Fighting
   817 | D:1      | Prayed at the altar of an unknown god.
   817 | D:1      | Became a worshipper of Kikubaaqudgha
   817 | D:1      | Reached * piety under Kikubaaqudgha
   817 | D:1      | Received a gift from Kikubaaqudgha
   869 | D:1      | Slain by a kobold

Illustrated notes

Levels and vault maps discovered:
D:1:      tarquinn_simple_flora_water_d, layout_loops_ring,
          nicolae_ecumenical_snake_handling

Skill      XL: |  1  2 |
---------------+-------+-----
Fighting       | 1 |  1.0
Dodging        | |  2.4
Stealth        | |  2.8
Spellcasting   | |  3.3
Conjurations   | |  1.1
Fire Magic     | |  3.5

Action                   || total
-------------------------++-------
 Cast: Foxfire           ||    46
Armor: Robe              ||     5
Dodge: Dodged            ||    15

Table legend: (Time is in decaauts)
 A = Elapsed time spent in this place.
 B = Non-inter-level travel time spent in this place.
 C = Inter-level travel time spent in this place.
 D = Time resting spent in this place.
 E = Time spent auto-exploring this place.
 F = Levels seen in this place.
 G = Mean time per level.
                   A        B        C        D        E       F      G
               +--------+--------+--------+--------+--------+-----+--------+
         Total |    869 |    869 |      0 |      0 |    744 |   1 |  869.0 |
       Dungeon |    869 |    869 |      0 |      0 |    744 |   1 |  869.0 |
               +--------+--------+--------+--------+--------+-----+--------+

Top non-repeatable levels by time:
     D:1: 869 daAuts
